 Dungeon Crawl Stone Soup version 0.29-a0-330-g52719c12eb (webtiles) character file.

Game seed: 9345972995363801161

369 Ajdolov the Ruffian (level 6, -1/33 HPs)
             Began as a Vine Stalker Cinder Acolyte on Apr 27, 2022.
             Was a High Priest of Ignis.
             Succumbed to a water moccasin's poison
             ... on level 5 of the Dungeon.
             The game lasted 00:06:32 (5068 turns).

Ajdolov the Ruffian (Vine Stalker Cinder Acolyte)   Turns: 5068, Time: 00:06:32

Health: -1/33      AC:  4    Str: 16    XL:     6   Next: 70%
Magic:  3/8        EV: 11    Int: 16    God:    Ignis [*****.]
Gold:   203        SH:  0    Dex: 10    Spells: 7/7 levels left

rFire   + + .      SeeInvis .     - Unarmed
rCold   . . .      Faith    .   (no shield)
rNeg    . . .      Spirit   +   a - +0 robe
rPois   .          Reflect  .   (no helmet)
rElec   .          Harm     .   j - +1 cloak
rCorr   .          Rampage  .   (no gloves)
Will    .....                   (no boots)
Stlth   +.........              (no amulet)
HPRegen 0.91/turn               k - ring of wizardry
MPRegen 0.11/turn               m - ring of protection from fire

@: lethally poisoned (-1 -> -9)
A: fangs 2, regeneration 1, magic shield, antimagic bite, no potion heal 2
a: Renounce Religion, Fiery Armour, Foxfire Swarm, Rising Flame


You were on level 5 of the Dungeon.
You worshipped Ignis.
Ignis was extremely pleased with you.
You visited 1 branch of the dungeon, and saw 5 of its levels.

You collected 203 gold pieces.

Inventory:

Armour
 a - a +0 robe (worn)
 j - a +1 cloak (worn)
Jewellery
 k - a ring of wizardry (left hand)
 m - a ring of protection from fire (right hand)
Wands
 o - a wand of charming (3)
Scrolls
 c - a scroll of vulnerability {unknown}
 d - 6 scrolls of identify {unknown}
 g - a scroll of immolation {unknown}
 i - 4 scrolls of teleportation {unknown}
 p - a scroll of fog {unknown}
Potions
 b - 2 potions of curing {unknown}
 e - 2 potions of attraction {unknown}
 f - 2 potions of mutation {unknown}
 h - a potion of berserk rage {unknown}
 l - 2 potions of brilliance {unknown}
 n - a potion of magic {unknown}
 q - a potion of ambrosia {unknown}


   Skills:
 - Level 4.0 Fighting
 * Level 6.5 Unarmed Combat
 - Level 1.1 Spellcasting
 - Level 3.0 Fire Magic


You had 7 spell levels left.
You didn't know any spells.
Your spell library contained the following spells:

 Spells                   Type           Power      Damage    Failure   Level
 Scorch                   Fire           20%        2d6       4%          2
 Shock                    Conj/Air       0%         1d3       9%          1
 Dazzling Flash           Conj/Hex       0%         N/A       26%         3
 Ozocubu's Armour         Ice            0%         N/A       26%         3
 Swiftness                Air            0%         N/A       26%         3
 Airstrike                Air            0%         N/A       63%         4
 Agony                    Necr           0%         N/A       91%         5
 Metabolic Englaciation   Hex/Ice        0%         N/A       91%         5
 Silence                  Hex/Air        0%         N/A       91%         5
 Simulacrum               Ice/Necr       0%         N/A       100%        6


Dungeon Overview and Level Annotations

Branches:
Dungeon (5/15)
 Temple: D:4-7

Altars:
Elyvilon
Hepliaklqana
Makhleb
Okawaru
Zin
Beogh


Innate Abilities, Weirdness & Mutations

You have extremely sharp teeth.
Your natural rate of healing is unusually fast.
When hurt, damage is shared between your health and your magic reserves.
Your bite disrupts and absorbs the magic of your enemies.
Potions cannot restore your health.


Message History

You kill the ufetubus!
No target in view!
No target in view!
Okay, then.
Okay, then.
A water moccasin comes into view.
The water moccasin bites you.
You closely miss the water moccasin. Your bite misses the water moccasin.
The water moccasin bites you!
You are poisoned.
The water moccasin poisons you!
You miss the water moccasin. Your bite misses the water moccasin.
You feel very sick. The water moccasin bites you.
You hit the water moccasin.
The water moccasin is lightly wounded.
You feel sick. The water moccasin misses you.
Unknown command.
You punch the water moccasin! You bite the water moccasin. You drain its power.
You feel invigorated.
The water moccasin is severely wounded.
You feel sick. The water moccasin bites you!
The water moccasin barely misses you.
You closely miss the water moccasin. You bite the water moccasin.
You drain its power.
You feel invigorated.
The water moccasin is almost dead.
You feel sick. The water moccasin bites you!
* * * LOW HITPOINT WARNING * * *
You are lethally poisoned!
The water moccasin poisons you!
You closely miss the water moccasin. Your bite misses the water moccasin.
The water moccasin is almost dead.
* * * LOW HITPOINT WARNING * * *
You feel very sick. The water moccasin bites you.
* * * LOW HITPOINT WARNING * * *
Unknown command.
You closely miss the water moccasin. Your bite misses the water moccasin.
The water moccasin is almost dead.
You die...

######.# ##....#.
####
##############.....#
#...##
.............#$....#
......
..##########.#
....#####....#.
....#......#.#
##.#...........
...........#.#
#...S........#.
.>.........#.#
#S###..........
.#.........#.###@#
##.......#.
##..<..)...#.....#
###.#.....
...........#######
#.# .... .._.......
#.# ### .. .....#$
###.# .#. ... #..<#
# #$### ... .....


You could see a water moccasin.

Vanquished Creatures
  An ogre (D:4)
  A killer bee (D:4)
  Jessica (D:2)
  Natasha (thrice) (D:3)
  A gnoll (D:1)
  5 adders
  2 ufetubi
  3 worms
  3 dart slugs (D:1)
  2 ball pythons
  5 endoplasms
  6 giant cockroaches
  4 goblins
  8 hobgoblins
  2 jackals (D:2)
  5 bats
  2 frilled lizards (D:1)
  4 kobolds
  5 rats
63 creatures vanquished.

Vanquished Creatures (others)
  11 foxfires (D:1)
11 creatures vanquished.

Grand Total: 74 creatures vanquished

Notes
Turn   | Place    | Note
-------+----------+-------------------------------------------
     0 | D:1      | Ajdolov the Vine Stalker Cinder Acolyte began the quest for
                  | the Orb.
     0 | D:1      | Reached XP level 1. HP: 11/11 MP: 3/3
   120 | D:1      | Reached XP level 2. HP: 9/16 MP: 2/4
   616 | D:1      | Reached XP level 3. HP: 4/20 MP: 3/5
  1179 | D:1      | Reached skill level 4 in Unarmed Combat
  1406 | D:1      | Found a faded altar of an unknown god.
  2177 | D:2      | Noticed an ogre
  2526 | D:2      | Gained mutation: Your natural rate of healing is unusually
                  | fast. [Vine Stalker growth]
  2526 | D:2      | Reached XP level 4. HP: 24/24 MP: 6/6
  2619 | D:2      | Noticed Jessica
  2624 | D:2      | Killed Jessica
  3309 | D:3      | Found an iron altar of Okawaru.
  3312 | D:3      | Found a burning altar of Makhleb.
  3463 | D:3      | Noticed Natasha
  3474 | D:3      | Killed Natasha
  3475 | D:3      | Reached XP level 5. HP: 7/28 MP: 1/7
  3545 | D:3      | Noticed Natasha
  3569 | D:3      | Reached skill level 5 in Unarmed Combat
  3624 | D:3      | Killed Natasha
  3786 | D:3      | Found a white marble altar of Elyvilon.
  3840 | D:3      | Noticed Natasha
  3849 | D:3      | Killed Natasha
  4251 | D:4      | Noticed an ogre
  4305 | D:4      | Killed an ogre
  4306 | D:4      | Reached skill level 6 in Unarmed Combat
  4306 | D:4      | Reached XP level 6. HP: 21/33 MP: 4/8
  4511 | D:4      | Found a glowing silver altar of Zin.
  4958 | D:5      | Entered Level 5 of the Dungeon
  5022 | D:5      | Found a hazy altar of Hepliaklqana.
  5052 | D:5      | Noticed a water moccasin
  5067 | D:5      | HP: 1/33 [water moccasin (2)]
  5068 | D:5      | Succumbed to a water moccasin's poison

Illustrated notes

Levels and vault maps discovered:
D:1:      lightli_arrival_quake, layout_basic,
          hellmonk_ecumenical_altar_defaced_shrine
D:2:      layout_basic, serial_rivers, chequers_serial_rivers_small_b,
          chequers_serial_rivers_micro_b, chequers_serial_rivers_micro_d,
          chequers_serial_rivers_micro_c, chequers_serial_rivers_room_a,
          chequers_serial_rivers_small_a, uniq_jessica
D:3:      layout_basic, elyvilon_altar_3, grunt_temple_overflow_open,
          kennysheep_nondescript, uniq_natasha
D:4:      layout_loops_ring, zin_scriptorium, serial_bayou_pond_a,
          hangedman_abyss_or_decor_slice
D:5:      layout_rooms, mainiacjoe_overflow_six_doors_small,
          overflow_temple_1_default, serial_co_window_serial, co_window_paths_a,
          co_window_corner_a, co_window_paths_a, co_window_paths_a,
          co_window_corner_a, co_window_corner_cb, co_window_2corner,
          co_window_of_opportunity_c, co_window_cross_3, co_window_corner_ca,
          co_window_4corner_a, glass_columns_b, chequers_serial_rivers_small_3,
          kennysheep_pointless_box

Skill      XL: |  1  2  3  4  5 |
---------------+----------------+-----
Fighting       | 3 4 |  4.0
Unarmed Combat | 4 6 |  6.5
Spellcasting   | |  1.1
Fire Magic     | |  3.0

Action                   |  1- 3 |  4- 6 || total
-------------------------+-------+-------++-------
Melee: Unarmed           |    79 |   128 ||   207
       Bite              |    16 |    26 ||    42
       Punch             |     1 |     3 ||     4
Invok: Foxfire Swarm     |     1 |       ||     1
Evoke: Wand              |       |     3 ||     3
 Stab: Sleeping          |     1 |       ||     1
Armor: Robe              |    16 |    14 ||    30
Dodge: Dodged            |    40 |    67 ||   107

Table legend: (Time is in decaauts)
 A = Elapsed time spent in this place.
 B = Non-inter-level travel time spent in this place.
 C = Inter-level travel time spent in this place.
 D = Time resting spent in this place.
 E = Time spent auto-exploring this place.
 F = Levels seen in this place.
 G = Mean time per level.
                   A        B        C        D        E       F      G
               +--------+--------+--------+--------+--------+-----+--------+
         Total |   5064 |   4718 |    346 |    311 |   3659 |   5 | 1012.8 |
       Dungeon |   5064 |   4718 |    346 |    311 |   3659 |   5 | 1012.8 |
               +--------+--------+--------+--------+--------+-----+--------+

Top non-repeatable levels by time:
     D:1: 2117 daAuts
     D:2: 1075 daAuts
     D:3: 910 daAuts
     D:4: 875 daAuts
     D:5: 85 daAuts
